AoeStats
← Nicolasbecerra

Oasis

508997893Analyzed
3v3 RM · 6d ago on Sep 25, 2026· 45m 32s· 6 players
Game mode
Random Map
Map size
Normal (6 player)
Population
200
Speed
Normal
Resources
Standard
Victory
Conquest
Starting age
Dark Age
Ending age
Imperial Age
RankedLock teamsTeams togetherTeam positionsShared explorationLock speedFull tech treeHidden civsTurbo modeCheats
Victory
Defeat
🇵🇪 Romans · Peru
1053
+15
🇨🇳 Magyars · China
1043
+16
🇨🇱 Bohemians · Chile
1006
+17
🇦🇷 Spanish · Argentina
1084
-18
🇲🇽 Japanese · Mexico
1021
-15
🇦🇷 Byzantines · Argentina
1000
-45
КОБИАН
11:59 Feudal Age
10:22 Loom
12:20 Feudal Age
20:45 Castle Age
18:50 Double-Bit Axe
19:24 Arson
19:32 Horse Collar
20:22 Stone Mining
21:23 Man-at-Arms
21:49 Gambesons
Veganismo
6:18 Loom
9:13 Feudal Age
9:38 Double-Bit Axe
19:35 Wheelbarrow
25:52 Castle Age
26:08 Fletching
26:19 Padded Archer Armor
28:23 Crossbowman
29:46 Bodkin Arrow
30:09 Leather Archer Armor
30:17 Bow Saw
32:03 Stone Mining
33:54 Thumb Ring
34:16 Scale Barding Armor
34:23 Forging
34:17 Husbandry
35:03 Elite Skirmisher
36:56 Hand Cart
Vicio
0:40 Loom
10:03 Feudal Age
10:37 Double-Bit Axe
17:43 Castle Age
16:41 Horse Collar
18:08 Wheelbarrow
19:16 Bow Saw
20:41 Hand Cart
20:52 Fletching
27:25 Husbandry
28:27 Scale Barding Armor
34:33 Chain Barding Armor
37:42 Imperial Age
37:15 Forging
37:10 Town Watch
37:38 Bloodlines
37:54 Bodkin Arrow
40:08 Plate Barding Armor
40:56 Iron Casting
40:07 Cavalier
45:54 Blast Furnace
44:57 Paladin
Eyaculador de Poemas
5:00 Loom
10:14 Feudal Age
10:58 Horse Collar
11:05 Double-Bit Axe
12:04 Wheelbarrow
11:31 Gold Mining
18:35 Castle Age
17:01 Man-at-Arms
17:44 Scale Mail Armor
18:49 Long Swordsman
19:41 Forging
19:53 Town Watch
20:27 Squires
24:21 Iron Casting
24:02 Chain Mail Armor
25:12 Chain Mail Armor
29:22 Pikeman
33:22 Ballistas
35:36 Fletching
42:26 Imperial Age
41:14 Ballistics
44:14 Blast Furnace
43:36 Legionary
45:07 Hand Cart
Nicolasbecerra
6:13 Loom
11:25 Feudal Age
12:41 Double-Bit Axe
12:45 Horse Collar
19:32 Castle Age
2026
0:27 Loom
10:19 Feudal Age
14:49 Castle Age
13:40 Horse Collar
20:56 Corvinian Army
24:15 Fletching
26:28 Ballistics
30:26 Imperial Age
30:29 Scale Barding Armor
30:47 Bloodlines
31:33 Husbandry
33:25 Chain Barding Armor
33:06 Town Watch
34:56 Elite Magyar Huszar
37:16 Wheelbarrow
37:19 Plate Barding Armor
38:36 Bodkin Arrow
38:46 Heavy Plow
42:00 Bracer
42:07 Recurve Bow
Connection lost

Rejoining the realm…

Still unreachable

The connection could not be restored.

Session expired

The server has moved on; the page needs a fresh start.